Map: Abyssal Reef LE

Players

Lambo

  • Race: Zerg Zerg
  • League: Grandmaster
  • Spawn Location: 5:00

herO - Winner!

  • Race: Protoss Protoss
  • League: Grandmaster
  • Spawn Location: 11:00

VOD

Have the link to the VOD?

Description

Time

  • Played on: March 26, 2025, 12:15 p.m.
  • Length: 14:15
Show
View Real Time Build Order
Export as new Build Order

Lambo Zerg 

Build Orders: Hatch First, Lurkers 

Get SALT Encoding   

  12  0:00  Drone  
  13  0:08  Drone  
  14  0:15  Extractor  
  14  0:16  Drone  
  15  0:21  Overlord  
  15  0:42  Drone  
  16  0:45  Hatchery  
  16  0:49  Drone  
  16  0:53  Drone  
  17  0:57  Drone  
  18  1:08  Extractor  
  17  1:12  Spawning Pool  
  17  1:15  Drone  
  17  1:19  Drone  
  18  1:26  Drone  
  19  1:37  Drone  
  20  1:47  Drone  
  21  1:58  Queen x2  
  21  2:00  Drone  
  21  2:01  Overlord  
  26  2:08  Drone  
  27  2:11  Drone  
  27  2:13  Metabolic Boost  
  28  2:20  Drone x2  
  31  2:30  Drone x2  
  31  2:34  Queen  
  34  2:44  Hatchery  
  34  2:48  Overlord  
  33  2:51  Zergling x2  
  33  2:52  Drone  
  33  2:55  Overlord  
  35  3:01  Drone  
  36  3:08  Drone x5  
  36  3:10  Drone  
  36  3:12  Drone  
  43  3:18  Spore Crawler  
  42  3:20  Queen  
  42  3:24  Overlord  
  44  3:29  Drone x2  
  44  3:32  Drone  
  47  3:35  Spore Crawler  
  47  3:40  Queen  
  47  3:41  Drone  
  49  3:44  Drone x2  
  49  3:46  Drone  
  49  3:47  Drone  
  53  3:51  Overlord  
  53  3:55  Zergling x2  
  54  3:57  Drone x2  
  54  4:02  Drone  
  57  4:07  Drone x3  
  58  4:10  Drone x3  
  61  4:19  Drone x4  
  65  4:25  Lair  
  65  4:26  Drone x2  
  65  4:30  Overlord  
  67  4:34  Drone x2, Extractor  
  67  4:35  Extractor  
  67  4:40  Evolution Chamber  
  67  4:41  Overlord  
  67  4:43  Extractor  
  65  4:46  Drone x2  
  65  4:47  Spore Crawler  
  65  4:50  Drone  
  65  4:51  Drone x2  
  69  4:55  Drone x6  
  69  4:58  Overlord  
  69  4:59  Drone x2  
  77  5:06  Drone x2  
  79  5:08  Zerg Missile Weapons Level 1  
  79  5:11  Drone  
  79  5:12  Extractor  
  79  5:14  Extractor  
  79  5:15  Overlord, Hatchery  
  79  5:20  Zergling x2  
  79  5:21  Zergling x8  
  82  5:26  Hydralisk Den  
  82  5:27  Overlord, Drone  
  82  5:29  Overseer  
  82  5:30  Overlord  
  82  5:31  Drone x4  
  86  5:37  Infestation Pit  
  86  5:39  Overlord  
  85  5:43  Overlord  
  85  5:46  Zergling x4  
  85  5:49  Overlord  
  87  5:50  Overlord  
  87  5:51  Overlord  
  87  5:54  Overlord  
  87  5:58  Overlord  
  87  5:59  Drone x6  
  87  6:02  Muscular Augments  
  92  6:05  Extractor  
  92  6:08  Hydralisk x3  
  92  6:10  Extractor  
  96  6:13  Hydralisk x2  
  100  6:19  Hive  
  100  6:20  Spore Crawler, Drone  
  100  6:23  Lurker Den  
  100  6:25  Hydralisk  
  101  6:27  Hydralisk  
  101  6:29  Drone x2  
  105  6:34  Hydralisk x3  
  111  6:42  Hydralisk x3  
  111  6:44  Drone x2  
  119  6:47  Drone x3  
  119  6:53  Drone x5  
  127  6:57  Overlord  
  127  7:01  Drone  
  127  7:02  Drone x2  
  127  7:04  Hydralisk x3  
  136  7:09  Hydralisk x2  
  136  7:11  Zerg Missile Weapons Level 2  
  140  7:17  Drone x2  
  140  7:18  Hatchery  
  141  7:24  Zergling x14  
  141  7:29  Drone  
  149  7:31  Spine Crawler, Drone  
  149  7:34  Seismic Spines, Spine Crawler  
  148  7:40  Lurker x2  
  148  7:41  Hydralisk x4  
  157  7:45  Overseer  
  157  7:49  Hydralisk x2  
  157  7:50  Hydralisk x2, Zergling x2  
  166  7:54  Lurker x4  
  166  7:57  Zergling x12  
  176  8:04  Lurker  
  176  8:05  Lurker  
  178  8:06  Zergling x6  
  178  8:07  Zergling x4  
  183  8:14  Hydralisk x4  
  183  8:17  Zergling x2  
  183  8:18  Overlord x2  
  183  8:19  Overlord  
  192  8:21  Overlord  
  192  8:23  Grooved Spines, Overlord  
  190  8:31  Adaptive Talons  
  190  8:33  Overlord  
  190  8:37  Overlord, Hydralisk x7  
  190  8:40  Overlord x2  
  197  8:41  Overlord  
  197  8:47  Hydralisk x2  
  196  8:49  Overlord  
  196  8:50  Overlord  
  196  8:53  Overlord, Overseer  
  188  8:55  Overlord  
  188  8:57  Zergling x8  
  188  8:59  Extractor  
  188  9:00  Hydralisk x2, Extractor  
  188  9:01  Zergling x2  
  187  9:06  Overlord  
  187  9:07  Overlord  
  187  9:10  Lurker x2  
  187  9:11  Pneumatized Carapace, Overseer  
  187  9:16  Spire  
  181  9:17  Hydralisk x3  
  181  9:20  Zergling x6  
  181  9:23  Hydralisk  
  172  9:27  Hydralisk  
  172  9:28  Hydralisk x2  
  161  9:32  Hydralisk x2  
  151  9:40  Drone x10  
  151  9:44  Zerg Missile Weapons Level 3  
  160  9:49  Zergling x8  
  164  10:06  Zergling x32  
  180  10:10  Hatchery  
  180  10:13  Overseer  
  179  10:15  Lurker x2  
  179  10:16  Lurker  
  179  10:18  Lurker  
  179  10:19  Lurker x2  
  185  10:28  Overseer  
  185  10:30  Hydralisk x2  
  189  10:36  Spine Crawler  
  189  10:38  Overlord  
  189  10:39  Overlord  
  188  10:49  Overlord  
  188  10:50  Hatchery  
  188  10:52  Zerg Flyer Weapons Level 1  
  188  10:54  Adrenal Glands  
  188  10:56  Overlord  
  187  11:04  Overlord  
  187  11:06  Overlord  
  187  11:08  Hydralisk x7  
  187  11:10  Overlord  
  182  11:30  Overseer  
  125  11:43  Hydralisk x3  
  125  11:45  Zergling x40  
  147  11:58  Unknown  
  144  12:02  Lurker x7  
  144  12:03  Corruptor x6  
  144  12:06  Corruptor x3  
  169  12:08  Overseer  
  169  12:11  Hydralisk x2  
  169  12:12  Spore Crawler  
  169  12:13  Spore Crawler  
  171  12:17  Corruptor  
  171  12:21  Zergling x24  
  185  12:23  Overseer  
  185  12:30  Overlord  
  185  12:31  Hydralisk x3  
  185  12:35  Lurker x2  
  185  12:41  Corruptor x2  
  185  12:42  Overseer  
  182  12:51  Overseer  
  175  12:58  Corruptor x3  
  146  13:03  Corruptor  
  146  13:05  Zergling x24  
  145  13:10  Extractor  
  145  13:11  Corruptor x2  
  148  13:13  Extractor  
  148  13:16  Drone  
  148  13:25  Corruptor x3  
  151  13:32  Corruptor  
  151  13:34  Overseer, Extractor x2  
  149  13:36  Zergling x2  
  149  13:37  Zergling x16  
  149  13:39  Drone x3  
  160  13:43  Corruptor  
  160  13:44  Corruptor  
  162  13:48  Lurker  
  162  13:50  Zergling x16  
  171  13:57  Zergling x2  
Show
View Real Time Build Order
Export as new Build Order

herO Protoss - Winner!

Build Orders: 1 Gate Expand, Oracle Opening, Zealot Archon 

Get SALT Encoding   

  12  0:00  Probe  
  13  0:12  Probe  
  14  0:17  Pylon  
  14  0:23  Probe  
  15  0:29  Assimilator  
  15  0:32  Probe  
  15  0:40  Probe  
  16  0:48  Gateway  
  17  0:51  Probe  
  18  1:03  Probe  
  19  1:15  Probe  
  20  1:25  Nexus  
  20  1:35  Cybernetics Core  
  20  1:39  Probe  
  21  1:43  Assimilator  
  21  1:49  Probe  
  21  1:53  Pylon  
  22  1:57  Probe  
  22  2:07  Probe  
  23  2:11  Stargate  
  23  2:15  Adept  
  26  2:18  Probe  
  26  2:22  Warp Gate  
  27  2:26  Probe  
  27  2:34  Probe x2  
  28  2:42  Probe, Stalker  
  30  2:45  Probe  
  34  2:52  Probe  
  34  2:55  Oracle  
  38  3:00  Probe  
  38  3:04  Probe  
  40  3:06  Pylon  
  40  3:14  Probe  
  40  3:16  Probe  
  42  3:26  Gateway  
  42  3:27  Probe  
  43  3:28  Probe  
  44  3:35  Oracle  
  47  3:43  Nexus  
  47  3:46  Pylon  
  47  3:47  Probe  
  47  3:49  Probe  
  47  3:54  Twilight Council  
  49  3:56  Probe  
  49  3:58  Assimilator  
  49  4:01  Probe  
  51  4:03  Assimilator  
  51  4:07  Probe  
  51  4:13  Probe  
  53  4:20  Probe  
  53  4:24  Gateway x2  
  54  4:27  Probe  
  54  4:30  Probe  
  55  4:33  Blink  
  55  4:34  Pylon  
  56  4:39  Probe  
  56  4:41  Probe  
  58  4:47  Forge  
  58  4:50  Probe  
  58  4:51  Probe  
  58  4:52  Probe  
  59  4:58  Probe  
  61  5:00  Probe  
  61  5:03  Probe  
  61  5:05  Templar Archives  
  61  5:06  Probe  
  64  5:07  Gateway  
  64  5:09  Gateway  
  64  5:10  Probe  
  64  5:13  Pylon  
  66  5:14  Protoss Ground Weapons Level 1  
  66  5:15  Probe  
  66  5:17  Probe  
  68  5:22  Probe  
  68  5:23  Assimilator  
  68  5:26  Stalker  
  68  5:27  Assimilator, Probe  
  72  5:29  Probe, Stalker  
  72  5:34  Probe  
  76  5:35  Pylon  
  76  5:36  Psionic Storm  
  76  5:39  Probe  
  76  5:41  Probe  
  78  5:42  Pylon  
  78  5:46  Probe, Photon Cannon  
  78  5:48  Shield Battery  
  79  6:03  High Templar x4  
  79  6:04  Probe x2  
  88  6:06  Pylon  
  89  6:12  Gateway, Pylon  
  89  6:14  Robotics Facility  
  89  6:18  Photon Cannon  
  89  6:20  Shield Battery  
  89  6:22  Photon Cannon  
  89  6:25  Photon Cannon  
  89  6:27  High Templar x2  
  89  6:31  Archon  
  93  6:39  Nexus  
  93  6:41  Photon Cannon  
  93  6:44  Shield Battery  
  93  6:47  Pylon  
  93  6:48  Charge  
  93  6:51  Probe x3  
  95  6:54  Photon Cannon  
  95  6:55  Pylon  
  95  6:56  Stalker  
  95  6:57  Stalker  
  99  7:07  Fleet Beacon  
  99  7:09  Stargate  
  99  7:12  High Templar  
  99  7:15  Assimilator  
  101  7:18  Assimilator  
  101  7:19  Probe x3  
  101  7:20  Photon Cannon  
  101  7:21  Pylon  
  104  7:25  Photon Cannon  
  104  7:28  Observer, High Templar  
  107  7:31  Probe x3  
  107  7:33  Photon Cannon  
  110  7:40  Protoss Ground Weapons Level 2  
  110  7:41  Photon Cannon  
  110  7:42  Shield Battery  
  110  7:44  Tempest  
  110  7:51  Tempest  
  110  7:56  Protoss Air Weapons Level 1  
  110  7:57  Warp Prism  
  114  7:58  Photon Cannon  
  114  7:59  Shield Battery  
  114  8:03  Zealot x2  
  122  8:11  Probe x3  
  127  8:13  Probe  
  127  8:17  Tempest  
  128  8:20  Photon Cannon  
  128  8:21  Photon Cannon  
  128  8:23  Probe  
  125  8:33  Observer  
  130  8:37  Shield Battery  
  130  8:39  Pylon  
  130  8:51  Immortal  
  134  8:55  Zealot  
  134  8:56  Zealot x6  
  143  9:07  Tempest x2  
  143  9:19  Zealot x6, High Templar  
  153  9:30  Archon  
  139  9:32  Immortal  
  129  9:40  High Templar x5  
  129  9:41  Tempest  
  129  9:45  Mothership  
  147  9:47  Zealot  
  153  9:58  Probe x3  
  153  9:59  Photon Cannon  
  152  10:00  Tempest  
  152  10:05  Protoss Ground Weapons Level 3  
  156  10:10  Probe  
  156  10:12  Observer  
  156  10:13  Photon Cannon  
  157  10:15  Shield Battery  
  157  10:16  Observer  
  158  10:23  Protoss Air Weapons Level 2  
  158  10:24  Pylon  
  158  10:25  Immortal  
  158  10:26  Nexus  
  158  10:29  Pylon  
  162  10:46  Photon Cannon  
  162  10:49  Shield Battery  
  162  10:50  High Templar x3, Shield Battery  
  162  10:51  High Templar  
  162  10:53  Shield Battery  
  162  10:54  Archon  
  162  10:55  Shield Battery  
  162  10:56  Shield Battery  
  170  10:58  Shield Battery  
  170  10:59  Shield Battery  
  170  11:00  Photon Cannon  
  170  11:02  Pylon  
  170  11:07  Stalker x3  
  174  11:23  Zealot  
  174  11:24  Zealot x3  
  154  11:39  Immortal  
  141  11:41  Probe x3  
  141  11:43  Photon Cannon  
  141  11:46  Probe x2  
  145  11:51  High Templar x6  
  145  11:53  Probe  
  162  11:55  Archon x2  
  162  11:56  Archon  
  162  11:57  Zealot  
  162  11:58  Probe x3  
  162  11:59  Tempest  
  167  12:02  Photon Cannon  
  167  12:05  Probe x2  
  167  12:06  Tempest  
  167  12:07  Observer x2  
  169  12:10  Probe x2  
  179  12:31  Zealot x7  
  179  12:32  Observer  
  177  12:57  Immortal  
  158  13:08  Stalker  
  158  13:09  Stalker x6  
  174  13:31  Observer  
  174  13:33  Zealot x6  
  187  13:42  Templar Archives  
  187  13:43  Observer  
Tags
 
Add a new tag
Caveats
  • Supply blocks, unpowered buildings, or Contaminate may cause inaccurate times.
  • Supply counts are checked every 10 seconds.